[ AOE2 MATCH · #482385827 ]
Team RMChinese vs Persians
[ REPLAY ANALYSIS · EXTRACTED FROM THE RECORDED GAME ]
Feudal
—
Castle
—
Imperial
—
| APM avg | 19.2 |
| APM peak | 101 |
| eAPM avg | 16.3 |
| Villagers / military | 58 / 40 |
Focus
⚔️ 22.8% · 🌾 77.2%
Spearman ×29 · Chu Ko Nu ×11 · Fishing Ship ×6
Feudal
—
Castle
—
Imperial
—
| APM avg | 9.4 |
| APM peak | 29 |
| eAPM avg | 7.5 |
| Villagers / military | 70 / 18 |
Focus
⚔️ 18.5% · 🌾 81.5%
Archer ×12 · Mameluke ×6 · Fishing Ship ×4
Feudal
—
Castle
—
Imperial
—
| APM avg | 27.9 |
| APM peak | 60 |
| eAPM avg | 18.6 |
| Villagers / military | 96 / 87 |
Focus
⚔️ 29.9% · 🌾 70.1%
Berserk ×61 · Fishing Ship ×33 · Galley ×8 · Petard ×7 · Longboat ×4 · Trebuchet (Packed) ×4
Feudal
—
Castle
—
Imperial
—
| APM avg | 15.4 |
| APM peak | 37 |
| eAPM avg | 10.4 |
| Villagers / military | 39 / 11 |
Focus
⚔️ 19.3% · 🌾 80.7%
Fishing Ship ×13 · Scout Cavalry ×6 · Mangonel ×2 · Monk ×1 · Conquistador ×1 · Trebuchet (Packed) ×1
Feudal
—
Castle
—
Imperial
—
| APM avg | 20.3 |
| APM peak | 64 |
| eAPM avg | 12.8 |
| Villagers / military | 60 / 33 |
Focus
⚔️ 24.0% · 🌾 76.0%
Magyar Huszar ×17 · Spearman ×10 · Battering Ram ×4 · Fishing Ship ×2 · Mangonel ×2
Feudal
—
Castle
—
Imperial
—
| APM avg | 18.1 |
| APM peak | 44 |
| eAPM avg | 11.9 |
| Villagers / military | 98 / 50 |
Focus
⚔️ 23.3% · 🌾 76.7%
Teutonic Knight ×41 · Fishing Ship ×9 · Monk ×4 · Knight ×3 · Spearman ×2
Feudal
—
Castle
—
Imperial
—
| APM avg | 25.2 |
| APM peak | 65 |
| eAPM avg | 17.2 |
| Villagers / military | 156 / 174 |
Focus
⚔️ 33.3% · 🌾 66.7%
Huskarl ×88 · Militia ×42 · Spearman ×28 · Fishing Ship ×8 · Battering Ram ×8 · Scorpion ×4
Feudal
—
Castle
—
Imperial
—
| APM avg | 24.4 |
| APM peak | 71 |
| eAPM avg | 15.1 |
| Villagers / military | 87 / 107 |
Focus
⚔️ 25.0% · 🌾 75.0%
Knight ×58 · Archer ×37 · Fishing Ship ×36 · Fire Galley ×6 · Mangonel ×2 · Trebuchet (Packed) ×2
Match map
Initial resources + every placement click. Lines = walls · curves = elevation contours. ◆ gold · ⬟ stone · ● berries · ✦ relic · ◌ wall gap
Your base· Open — unwalled flank
jhon29's base· Open — 8t gap
mrpropper145's base· Open — 13t gap
Osman1453's base· ✓ Closed at 23:21 · 8t walls · no gate
Toxic's base· Open — 7t gap
Patuu's base· Open — 8t gap
Rodro JETS's base· Open — 9t gap
Bamboozled Kiwi's base· Open — unwalled flank
Smoothed initial terrain · ◌ = detected wall gap · hover for details
Inputs per minute
— Irianas - - jhon29
Build order — Irianas
First 150 of 243 actions detected
| 1:32 | Build | Town Center |
| 3:39 | Build | Dock |
| 4:46 | Create | Fishing Ship |
| 5:14 | Research | Loom |
| 5:34 | Create | Villager (Male) |
| 5:40 | Create | Fishing Ship |
| 6:34 | Create | Villager (Male) |
| 6:34 | Create | Villager (Male) |
| 6:37 | Create | Fishing Ship |
| 7:06 | Create | Villager (Male) |
| 7:06 | Create | Villager (Male) |
| 7:23 | Create | Fishing Ship |
| 7:48 | Create | Villager (Male) |
| 7:48 | Create | Villager (Male) |
| 8:00 | Create | Villager (Male) |
| 8:19 | Create | Fishing Ship |
| 8:46 | Build | House |
| 8:54 | Create | Villager (Male) |
| 8:54 | Create | Villager (Male) |
| 8:54 | Create | Villager (Male) |
| 9:48 | Create | Fishing Ship |
| 9:54 | Build | House |
| 10:26 | Create | Villager (Male) |
| 11:07 | Build | Mining Camp |
| 11:31 | Create | Villager (Male) |
| 11:31 | Create | Villager (Male) |
| 11:56 | Research | Feudal Age |
| 12:18 | Build | Lumber Camp |
| 13:28 | Build | Outpost |
| 14:11 | Build | Watch Tower |
| 14:21 | Build | House |
| 14:26 | Create | Villager (Male) |
| 14:26 | Create | Villager (Male) |
| 14:31 | Build | Mill |
| 14:33 | Research | Double-Bit Axe |
| 15:47 | Build | Barracks |
| 16:13 | Build | Palisade Gate |
| 16:26 | Build | Stone Wall |
| 16:33 | Create | Spearman |
| 16:34 | Create | Spearman |
| 16:34 | Create | Spearman |
| 16:34 | Create | Spearman |
| 16:54 | Build | Watch Tower |
| 17:05 | Build | House |
| 17:06 | Build | House |
| 17:07 | Build | House |
| 17:09 | Create | Villager (Male) |
| 17:10 | Create | Villager (Male) |
| 17:11 | Research | Town Watch |
| 17:24 | Build | Gate |
| 17:55 | Create | Spearman |
| 17:55 | Create | Spearman |
| 17:59 | Build | House |
| 18:44 | Build | Farm |
| 18:46 | Build | Farm |
| 18:46 | Build | Farm |
| 18:46 | Build | Farm |
| 18:47 | Build | Farm |
| 19:16 | Create | Villager (Male) |
| 19:16 | Create | Villager (Male) |
| 19:22 | Research | Horse Collar |
| 19:28 | Create | Spearman |
| 19:29 | Create | Spearman |
| 19:50 | Create | Villager (Male) |
| 19:50 | Create | Villager (Male) |
| 20:05 | Create | Spearman |
| 20:22 | Create | Villager (Male) |
| 20:51 | Create | Villager (Male) |
| 21:00 | Build | Farm |
| 22:27 | Build | Farm |
| 22:28 | Build | Farm |
| 22:33 | Create | Villager (Male) |
| 22:33 | Create | Villager (Male) |
| 22:40 | Build | Market |
| 22:48 | Build | Blacksmith |
| 23:25 | Create | Villager (Male) |
| 23:36 | Build | House |
| 23:39 | Build | House |
| 23:41 | Build | House |
| 23:47 | Research | Castle Age |
| 24:42 | Research | Forging |
| 24:42 | Research | Scale Mail Armor |
| 25:15 | Build | Mining Camp |
| 25:47 | Research | Stone Mining |
| 25:47 | Research | Gold Mining |
| 26:27 | Build | Stone Wall |
| 26:40 | Create | Villager (Male) |
| 26:40 | Create | Villager (Male) |
| 27:05 | Build | Castle |
| 27:21 | Build | Farm |
| 27:25 | Create | Villager (Male) |
| 27:30 | Build | Town Center |
| 28:39 | Create | Spearman |
| 28:39 | Create | Spearman |
| 29:11 | Create | Spearman |
| 29:46 | Create | Spearman |
| 29:46 | Create | Spearman |
| 30:20 | Build | Lumber Camp |
| 30:53 | Create | Spearman |
| 30:53 | Create | Spearman |
| 30:53 | Create | Spearman |
| 31:16 | Research | Pikeman (upgrade) |
| 31:41 | Build | Watch Tower |
| 31:49 | Create | Villager (Male) |
| 31:49 | Create | Villager (Male) |
| 31:49 | Create | Villager (Male) |
| 32:00 | Build | Town Center |
| 32:10 | Create | Villager (Male) |
| 33:03 | Create | Spearman |
| 33:23 | Create | Villager (Male) |
| 33:24 | Create | Villager (Male) |
| 33:24 | Create | Villager (Male) |
| 33:24 | Create | Villager (Male) |
| 33:41 | Create | Spearman |
| 33:41 | Create | Spearman |
| 34:16 | Create | Villager (Male) |
| 35:07 | Create | Villager (Male) ×3 |
| 35:07 | Create | Villager (Male) |
| 35:09 | Research | Wheelbarrow |
| 35:39 | Create | Spearman |
| 35:40 | Create | Spearman |
| 35:40 | Create | Spearman |
| 36:13 | Build | Farm |
| 36:13 | Build | Farm |
| 36:13 | Build | Farm |
| 36:13 | Build | Farm |
| 36:13 | Build | Farm |
| 36:13 | Build | Farm |
| 36:13 | Build | Farm |
| 36:13 | Build | Farm |
| 36:20 | Create | Chu Ko Nu |
| 36:21 | Create | Chu Ko Nu |
| 36:42 | Create | Chu Ko Nu |
| 36:43 | Create | Chu Ko Nu |
| 36:43 | Create | Chu Ko Nu |
| 36:44 | Create | Chu Ko Nu |
| 36:54 | Create | Chu Ko Nu |
| 36:58 | Create | Villager (Male) |
| 36:59 | Create | Villager (Male) |
| 36:59 | Create | Villager (Male) |
| 37:06 | Create | Chu Ko Nu |
| 37:11 | Build | House |
| 37:13 | Build | House |
| 37:23 | Build | House |
| 37:40 | Create | Villager (Male) ×2 |
| 37:40 | Create | Villager (Male) |
| 37:55 | Build | Farm |
| 37:55 | Build | Farm |
| 37:55 | Build | Farm |
| 37:55 | Build | Farm |
Build order — jhon29
First 150 of 164 actions detected
| 0:55 | Build | Town Center |
| 3:24 | Create | Villager (Male) ×4 |
| 4:04 | Build | House |
| 4:07 | Build | House |
| 4:09 | Build | House |
| 4:22 | Research | Loom |
| 4:37 | Create | Villager (Male) |
| 4:37 | Create | Villager (Male) |
| 4:38 | Create | Villager (Male) |
| 4:49 | Build | Dock |
| 4:59 | Build | House |
| 6:46 | Create | Villager (Male) |
| 6:46 | Create | Villager (Male) |
| 6:53 | Create | Fishing Ship |
| 6:53 | Create | Fishing Ship |
| 7:48 | Create | Villager (Male) |
| 7:48 | Create | Villager (Male) |
| 8:20 | Create | Villager (Male) |
| 8:20 | Create | Villager (Male) |
| 8:50 | Create | Villager (Male) |
| 8:50 | Create | Villager (Male) |
| 9:03 | Create | Villager (Male) |
| 9:03 | Create | Villager (Male) |
| 9:27 | Build | Lumber Camp |
| 9:30 | Create | Fishing Ship |
| 9:32 | Create | Villager (Male) |
| 9:32 | Create | Villager (Male) |
| 9:42 | Create | Villager (Male) |
| 10:03 | Create | Villager (Male) |
| 10:23 | Create | Villager (Male) |
| 10:34 | Create | Villager (Male) |
| 10:47 | Create | Villager (Male) |
| 10:47 | Create | Villager (Male) |
| 10:55 | Build | Mill |
| 10:57 | Create | Villager (Male) |
| 10:57 | Create | Villager (Male) |
| 11:05 | Create | Villager (Male) |
| 11:05 | Create | Villager (Male) |
| 11:31 | Create | Villager (Male) |
| 12:13 | Create | Villager (Male) |
| 12:20 | Build | House |
| 12:24 | Build | House |
| 12:51 | Build | Farm |
| 12:52 | Build | Farm |
| 12:53 | Build | Farm |
| 12:59 | Create | Villager (Male) |
| 13:06 | Build | House |
| 13:10 | Create | Fishing Ship |
| 13:31 | Build | Farm |
| 13:37 | Create | Villager (Male) |
| 14:13 | Create | Villager (Male) |
| 14:25 | Build | Mining Camp |
| 14:49 | Research | Feudal Age |
| 15:14 | Create | Villager (Male) |
| 15:43 | Build | Barracks |
| 16:37 | Create | Villager (Male) |
| 17:24 | Build | Archery Range |
| 17:33 | Build | Blacksmith |
| 17:41 | Create | Villager (Male) |
| 17:46 | Create | Villager (Male) |
| 17:57 | Create | Archer |
| 17:58 | Create | Archer |
| 17:58 | Create | Archer |
| 17:58 | Create | Archer |
| 17:59 | Create | Archer |
| 18:15 | Create | Villager (Male) |
| 18:17 | Create | Archer |
| 18:36 | Create | Villager (Male) |
| 18:42 | Build | Mining Camp |
| 18:48 | Research | Fletching |
| 18:50 | Create | Villager (Male) |
| 19:45 | Create | Villager (Male) |
| 19:51 | Build | House |
| 19:52 | Build | House |
| 20:22 | Create | Archer |
| 20:30 | Build | Market |
| 20:33 | Build | House |
| 20:40 | Build | Palisade Wall |
| 20:43 | Build | Palisade Wall |
| 20:54 | Research | Castle Age |
| 21:28 | Build | Farm |
| 21:29 | Build | Farm |
| 21:31 | Build | Farm |
| 21:32 | Build | Farm |
| 21:34 | Build | Farm |
| 21:50 | Build | Farm |
| 22:32 | Build | Farm |
| 22:42 | Build | Farm |
| 22:44 | Build | Farm |
| 22:59 | Build | Farm |
| 23:01 | Research | Double-Bit Axe |
| 23:05 | Research | Padded Archer Armor |
| 23:07 | Create | Archer |
| 23:07 | Create | Archer |
| 23:46 | Create | Villager (Male) |
| 23:46 | Create | Villager (Male) |
| 24:00 | Research | Crossbowman (upgrade) |
| 24:54 | Build | Castle |
| 24:59 | Research | Wheelbarrow |
| 25:15 | Create | Archer |
| 25:15 | Create | Archer |
| 25:39 | Create | Mameluke |
| 25:39 | Create | Mameluke |
| 26:02 | Build | Lumber Camp |
| 26:03 | Create | Villager (Male) |
| 26:03 | Create | Villager (Male) |
| 26:04 | Create | Villager (Male) |
| 26:04 | Create | Villager (Male) |
| 26:45 | Create | Archer |
| 29:19 | Build | Mining Camp |
| 29:23 | Build | Lumber Camp |
| 30:45 | Build | Town Center |
| 31:58 | Build | Farm |
| 32:31 | Build | Farm |
| 32:44 | Build | Farm |
| 33:00 | Build | Farm |
| 33:01 | Create | Villager (Male) |
| 33:44 | Create | Villager (Male) |
| 33:53 | Build | Farm |
| 34:19 | Build | Farm |
| 34:24 | Create | Villager (Male) |
| 34:53 | Create | Villager (Male) |
| 35:05 | Build | Farm |
| 35:17 | Create | Villager (Male) |
| 35:49 | Build | Farm |
| 35:53 | Create | Villager (Male) |
| 36:01 | Build | Farm |
| 36:08 | Create | Villager (Male) |
| 36:08 | Create | Villager (Male) |
| 36:36 | Create | Villager (Male) |
| 36:43 | Build | Mill |
| 36:49 | Create | Villager (Male) |
| 37:21 | Create | Villager (Male) |
| 37:45 | Create | Villager (Male) |
| 38:04 | Build | House |
| 38:07 | Build | House |
| 38:12 | Build | House |
| 38:59 | Build | Castle |
| 39:23 | Research | Town Watch |
| 39:24 | Create | Villager (Male) |
| 39:57 | Create | Villager (Male) |
| 40:08 | Build | Market |
| 40:10 | Build | House |
| 40:34 | Build | Blacksmith |
| 40:36 | Create | Villager (Male) |
| 41:12 | Create | Villager (Male) |
| 41:12 | Create | Villager (Male) |
| 41:21 | Research | Stone Mining |
| 41:26 | Research | Gold Mining |
| 41:28 | Create | Villager (Male) |
Build order — mrpropper145
First 150 of 342 actions detected
| 0:15 | Build | House |
| 0:59 | Build | Town Center |
| 1:16 | Build | Dock |
| 3:00 | Create | Villager (Male) |
| 3:00 | Create | Villager (Male) |
| 3:00 | Create | Villager (Male) |
| 3:01 | Create | Villager (Male) |
| 3:42 | Create | Villager (Male) |
| 3:43 | Create | Villager (Male) |
| 3:59 | Build | House |
| 4:24 | Create | Villager (Male) |
| 5:28 | Create | Villager (Male) |
| 5:35 | Create | Fishing Ship |
| 5:50 | Create | Villager (Male) |
| 6:06 | Build | House |
| 6:20 | Create | Villager (Male) |
| 6:45 | Create | Villager (Male) |
| 6:49 | Create | Fishing Ship |
| 7:08 | Create | Villager (Male) |
| 7:08 | Create | Villager (Male) |
| 7:29 | Create | Villager (Male) |
| 7:32 | Create | Fishing Ship |
| 7:49 | Create | Villager (Male) |
| 8:13 | Build | House |
| 8:19 | Build | Outpost |
| 8:23 | Build | Palisade Wall |
| 8:25 | Create | Villager (Male) |
| 8:25 | Create | Villager (Male) |
| 8:35 | Create | Fishing Ship |
| 8:37 | Create | Villager (Male) |
| 8:54 | Create | Villager (Male) |
| 8:54 | Create | Villager (Male) |
| 9:14 | Build | Outpost |
| 9:23 | Create | Villager (Male) |
| 9:27 | Create | Fishing Ship |
| 9:36 | Build | House |
| 10:29 | Create | Villager (Male) |
| 10:29 | Create | Villager (Male) |
| 10:37 | Create | Fishing Ship |
| 10:41 | Build | House |
| 11:00 | Build | Dock |
| 11:12 | Build | House |
| 11:14 | Create | Villager (Male) |
| 11:22 | Build | Lumber Camp |
| 11:27 | Create | Villager (Male) |
| 11:54 | Create | Villager (Male) |
| 12:06 | Build | Mining Camp |
| 12:17 | Create | Fishing Ship |
| 12:23 | Create | Villager (Male) |
| 12:24 | Create | Villager (Male) |
| 12:39 | Build | Outpost |
| 12:43 | Build | House |
| 13:03 | Create | Fishing Ship |
| 13:15 | Create | Fishing Ship |
| 13:26 | Research | Feudal Age |
| 13:27 | Research | Loom |
| 14:06 | Build | Dock |
| 14:19 | Create | Villager (Male) |
| 14:20 | Create | Villager (Male) |
| 15:41 | Create | Unit 2626 |
| 15:42 | Create | Unit 2626 |
| 15:42 | Create | Unit 2626 |
| 15:43 | Create | Fire Galley |
| 15:43 | Create | Fire Galley |
| 15:57 | Research | Double-Bit Axe |
| 15:58 | Create | Villager (Male) |
| 15:59 | Create | Villager (Male) |
| 16:08 | Research | Gold Mining |
| 16:30 | Create | Fire Galley |
| 16:55 | Build | House |
| 16:56 | Build | House |
| 16:59 | Build | Barracks |
| 17:53 | Build | Blacksmith |
| 17:59 | Create | Villager (Male) |
| 18:13 | Create | Galley |
| 18:14 | Create | Galley |
| 18:33 | Create | Galley |
| 18:49 | Create | Villager (Male) |
| 18:49 | Create | Villager (Male) |
| 18:50 | Create | Galley |
| 18:50 | Create | Galley |
| 19:05 | Research | Town Watch |
| 19:09 | Build | Mill |
| 20:11 | Create | Galley |
| 20:12 | Create | Galley |
| 20:12 | Create | Galley |
| 20:14 | Create | Villager (Male) |
| 20:15 | Create | Villager (Male) |
| 20:20 | Research | Scale Mail Armor |
| 20:26 | Build | Archery Range |
| 20:30 | Build | House |
| 20:32 | Build | House |
| 20:33 | Build | House |
| 20:34 | Build | House |
| 20:55 | Build | Mining Camp |
| 21:37 | Build | House |
| 21:38 | Build | House |
| 21:42 | Research | Castle Age |
| 21:52 | Build | Watch Tower |
| 23:10 | Research | Stone Mining |
| 24:32 | Build | Castle |
| 24:40 | Create | Villager (Male) |
| 24:40 | Create | Villager (Male) |
| 24:42 | Research | Horse Collar |
| 24:43 | Create | Villager (Male) |
| 24:43 | Create | Villager (Male) |
| 24:47 | Build | Town Center |
| 24:51 | Build | Town Center |
| 25:08 | Create | Longboat |
| 25:08 | Create | Longboat |
| 25:21 | Create | Berserk |
| 25:21 | Create | Berserk |
| 25:22 | Create | Berserk |
| 25:32 | Create | Berserk |
| 25:33 | Create | Berserk |
| 25:34 | Create | Petard |
| 25:34 | Create | Petard |
| 25:55 | Build | Lumber Camp |
| 26:03 | Create | Petard |
| 26:03 | Create | Petard |
| 26:03 | Create | Petard |
| 26:37 | Create | Petard |
| 26:46 | Create | Villager (Male) |
| 26:47 | Create | Villager (Male) |
| 26:47 | Create | Villager (Male) |
| 26:47 | Create | Villager (Male) |
| 26:48 | Create | Villager (Male) |
| 26:56 | Build | Farm |
| 27:26 | Create | Petard |
| 28:30 | Create | Villager (Male) |
| 28:30 | Create | Villager (Male) |
| 28:31 | Create | Villager (Male) |
| 28:34 | Build | Farm |
| 28:36 | Build | Farm |
| 28:43 | Build | House |
| 28:44 | Build | House |
| 28:55 | Create | Villager (Male) |
| 28:55 | Create | Villager (Male) |
| 29:01 | Build | Farm |
| 29:04 | Build | Farm |
| 29:23 | Build | Dock |
| 29:34 | Build | Fish Trap |
| 29:35 | Build | Fish Trap |
| 29:35 | Build | Fish Trap |
| 29:36 | Build | Fish Trap |
| 29:46 | Create | Villager (Male) |
| 29:51 | Build | Farm |
| 30:11 | Create | Berserk |
| 30:12 | Create | Berserk |
| 30:33 | Build | Farm |
Build order — Osman1453
119 actions detected in the replay
| 0:21 | Build | Dock |
| 0:26 | Build | House |
| 0:27 | Build | House |
| 1:57 | Build | Town Center |
| 3:40 | Create | Villager (Male) ×4 |
| 3:40 | Create | Villager (Male) ×4 |
| 4:50 | Create | Villager (Male) |
| 4:50 | Create | Villager (Male) |
| 5:40 | Research | Loom |
| 5:44 | Create | Fishing Ship |
| 5:44 | Create | Fishing Ship |
| 6:07 | Create | Villager (Male) |
| 6:07 | Create | Villager (Male) |
| 6:39 | Create | Villager (Male) |
| 6:39 | Create | Villager (Male) |
| 6:44 | Create | Fishing Ship |
| 7:08 | Create | Villager (Male) |
| 7:39 | Build | House |
| 7:44 | Build | House |
| 7:47 | Create | Villager (Male) |
| 8:05 | Create | Fishing Ship |
| 8:24 | Create | Villager (Male) |
| 8:24 | Create | Villager (Male) |
| 8:24 | Create | Villager (Male) |
| 8:26 | Create | Villager (Male) |
| 9:04 | Create | Villager (Male) |
| 9:04 | Create | Villager (Male) |
| 9:22 | Create | Villager (Male) |
| 9:24 | Create | Villager (Male) |
| 9:24 | Create | Villager (Male) |
| 9:35 | Build | House |
| 9:39 | Build | House |
| 9:47 | Create | Villager (Male) |
| 10:45 | Create | Villager (Male) |
| 11:14 | Create | Fishing Ship |
| 11:14 | Create | Fishing Ship |
| 11:14 | Create | Fishing Ship |
| 11:29 | Create | Villager (Male) |
| 11:29 | Create | Villager (Male) |
| 11:53 | Build | Lumber Camp |
| 12:31 | Create | Villager (Male) |
| 12:37 | Create | Fishing Ship |
| 12:56 | Create | Villager (Male) |
| 13:13 | Research | Feudal Age |
| 13:31 | Create | Villager (Male) |
| 14:12 | Create | Villager (Male) |
| 14:12 | Create | Villager (Male) |
| 14:26 | Build | Barracks |
| 14:48 | Create | Fishing Ship |
| 14:49 | Create | Fishing Ship |
| 15:30 | Create | Villager (Male) |
| 15:31 | Create | Villager (Male) |
| 15:42 | Build | Stable |
| 15:51 | Research | Double-Bit Axe |
| 16:09 | Create | Villager (Male) |
| 16:19 | Create | Scout Cavalry |
| 16:19 | Create | Scout Cavalry |
| 16:46 | Build | House |
| 16:49 | Build | House |
| 17:26 | Build | Mining Camp |
| 17:34 | Create | Scout Cavalry |
| 17:57 | Build | Lumber Camp |
| 18:10 | Create | Scout Cavalry |
| 18:19 | Build | Blacksmith |
| 18:31 | Create | Scout Cavalry |
| 18:40 | Create | Villager (Male) |
| 18:41 | Create | Villager (Male) |
| 18:49 | Build | House |
| 18:50 | Build | House |
| 18:51 | Build | House |
| 18:53 | Build | House |
| 18:54 | Build | House |
| 19:03 | Build | Mill |
| 19:11 | Create | Scout Cavalry |
| 19:25 | Create | Fishing Ship |
| 20:08 | Build | Market |
| 22:05 | Build | Stone Wall |
| 22:26 | Build | Stone Wall |
| 23:21 | Research | Castle Age |
| 23:28 | Research | Stone Mining |
| 23:49 | Create | Fishing Ship |
| 23:49 | Create | Fishing Ship |
| 24:17 | Build | Stone Wall |
| 24:24 | Build | Stone Wall |
| 24:24 | Build | Stone Wall |
| 24:33 | Build | Stone Wall |
| 24:34 | Build | Stone Wall |
| 26:05 | Build | Castle |
| 26:15 | Build | Stone Wall |
| 26:15 | Build | Stone Wall |
| 26:31 | Build | Siege Workshop |
| 26:50 | Build | Monastery |
| 27:02 | Build | Lumber Camp |
| 27:52 | Build | Lumber Camp |
| 28:05 | Create | Monk |
| 28:31 | Build | Stone Wall |
| 28:47 | Create | Mangonel |
| 29:25 | Create | Conquistador |
| 29:42 | Build | Stone Wall |
| 30:25 | Build | Gate |
| 30:44 | Build | Siege Workshop |
| 30:59 | Build | Stone Wall |
| 31:23 | Create | Mangonel |
| 32:02 | Build | Stone Wall |
| 32:03 | Build | Stone Wall |
| 32:22 | Build | Stone Wall |
| 33:03 | Build | Stone Wall |
| 33:29 | Build | Stone Wall |
| 34:31 | Build | Lumber Camp |
| 35:17 | Build | Castle |
| 36:39 | Build | Stone Wall |
| 37:10 | Build | Stone Wall |
| 37:41 | Build | Stone Wall |
| 38:13 | Build | Stone Wall |
| 38:53 | Build | Stone Wall |
| 39:04 | Build | Lumber Camp |
| 40:21 | Build | Town Center |
| 40:44 | Research | Imperial Age |
| 44:08 | Create | Trebuchet (Packed) |
Build order — Toxic
First 150 of 164 actions detected
| 0:17 | Build | Town Center |
| 1:44 | Build | House |
| 2:08 | Build | House |
| 2:53 | Create | Villager (Male) |
| 2:54 | Create | Villager (Male) |
| 2:54 | Create | Villager (Male) |
| 2:54 | Create | Villager (Male) |
| 2:55 | Create | Villager (Male) |
| 4:05 | Create | Villager (Male) |
| 4:15 | Build | Mill |
| 5:04 | Create | Villager (Male) |
| 5:05 | Create | Villager (Male) |
| 5:32 | Create | Villager (Male) |
| 5:42 | Create | Villager (Male) |
| 5:42 | Create | Villager (Male) |
| 5:42 | Create | Villager (Male) |
| 6:45 | Create | Villager (Male) |
| 6:45 | Create | Villager (Male) |
| 6:45 | Create | Villager (Male) |
| 6:46 | Create | Villager (Male) |
| 7:09 | Create | Villager (Male) |
| 7:14 | Build | House |
| 7:36 | Build | House |
| 7:49 | Create | Villager (Male) |
| 7:50 | Create | Villager (Male) |
| 8:09 | Build | Palisade Wall |
| 8:10 | Build | Palisade Wall |
| 8:10 | Build | Palisade Wall |
| 8:11 | Build | Palisade Wall |
| 8:12 | Build | Palisade Wall |
| 8:46 | Build | Dock |
| 8:47 | Create | Villager (Male) |
| 8:50 | Create | Villager (Male) |
| 9:17 | Build | House |
| 9:42 | Build | Mill |
| 10:03 | Build | Palisade Wall |
| 11:06 | Create | Fishing Ship |
| 11:28 | Build | House |
| 11:31 | Build | House |
| 11:32 | Build | House |
| 11:51 | Create | Fishing Ship |
| 12:33 | Research | Feudal Age |
| 14:34 | Create | Villager (Male) |
| 14:35 | Create | Villager (Male) |
| 14:35 | Create | Villager (Male) |
| 14:36 | Create | Villager (Male) |
| 14:52 | Build | Mining Camp |
| 15:08 | Build | Watch Tower |
| 15:10 | Create | Villager (Male) |
| 15:16 | Create | Villager (Male) |
| 15:28 | Build | Blacksmith |
| 15:49 | Build | House |
| 15:55 | Build | House |
| 16:03 | Build | Palisade Wall |
| 16:21 | Research | Loom |
| 16:39 | Build | House |
| 17:33 | Build | Market |
| 17:51 | Build | Gate |
| 18:24 | Research | Castle Age |
| 18:30 | Build | Barracks |
| 19:23 | Build | Lumber Camp |
| 19:31 | Create | Spearman |
| 19:32 | Create | Spearman |
| 19:32 | Create | Spearman |
| 19:38 | Create | Spearman |
| 19:40 | Create | Spearman |
| 19:53 | Build | Lumber Camp |
| 21:15 | Create | Spearman |
| 21:15 | Create | Spearman |
| 21:16 | Create | Spearman |
| 21:16 | Create | Spearman |
| 21:16 | Create | Spearman |
| 21:40 | Build | Palisade Wall |
| 21:57 | Build | Farm |
| 21:58 | Build | Farm |
| 22:00 | Build | Farm |
| 22:01 | Build | Farm |
| 24:47 | Build | Castle |
| 24:58 | Create | Villager (Male) |
| 24:58 | Create | Villager (Male) |
| 25:46 | Create | Villager (Male) |
| 25:47 | Create | Villager (Male) |
| 25:47 | Create | Villager (Male) |
| 26:10 | Create | Magyar Huszar |
| 26:25 | Build | Siege Workshop |
| 26:45 | Create | Villager (Male) |
| 27:10 | Create | Battering Ram |
| 27:18 | Create | Magyar Huszar |
| 27:38 | Create | Battering Ram |
| 27:46 | Create | Magyar Huszar |
| 28:24 | Create | Villager (Male) |
| 28:56 | Create | Magyar Huszar |
| 29:28 | Create | Battering Ram |
| 29:38 | Create | Magyar Huszar |
| 29:51 | Create | Villager (Male) |
| 30:52 | Create | Magyar Huszar |
| 30:52 | Create | Magyar Huszar |
| 30:53 | Create | Magyar Huszar |
| 31:23 | Create | Magyar Huszar |
| 32:07 | Create | Magyar Huszar |
| 32:07 | Create | Magyar Huszar |
| 32:34 | Build | Farm |
| 32:36 | Create | Villager (Male) |
| 33:00 | Create | Mangonel |
| 33:06 | Build | Farm |
| 33:12 | Build | Farm |
| 33:13 | Build | Farm |
| 33:43 | Build | Farm |
| 33:44 | Create | Villager (Male) |
| 34:28 | Create | Villager (Male) |
| 34:28 | Create | Villager (Male) |
| 34:29 | Create | Villager (Male) |
| 35:01 | Create | Mangonel |
| 35:14 | Create | Magyar Huszar |
| 35:15 | Create | Magyar Huszar |
| 35:15 | Create | Magyar Huszar |
| 35:44 | Build | Farm |
| 35:46 | Build | Farm |
| 35:47 | Create | Villager (Male) |
| 35:47 | Create | Villager (Male) |
| 35:48 | Create | Villager (Male) |
| 35:48 | Create | Villager (Male) |
| 36:13 | Create | Battering Ram |
| 36:34 | Build | Farm |
| 36:36 | Build | Farm |
| 36:38 | Build | Farm |
| 36:40 | Build | Farm |
| 36:41 | Create | Villager (Male) |
| 36:41 | Create | Villager (Male) |
| 36:41 | Create | Villager (Male) |
| 36:42 | Create | Villager (Male) |
| 37:29 | Build | Farm |
| 37:31 | Build | Farm |
| 37:32 | Create | Villager (Male) |
| 37:32 | Create | Villager (Male) |
| 37:33 | Create | Villager (Male) |
| 37:33 | Create | Villager (Male) |
| 38:02 | Build | Mill |
| 38:17 | Build | Mining Camp |
| 38:18 | Create | Villager (Male) |
| 38:19 | Create | Villager (Male) |
| 38:19 | Create | Villager (Male) |
| 38:20 | Create | Villager (Male) |
| 38:26 | Create | Magyar Huszar |
| 38:27 | Create | Magyar Huszar |
| 38:27 | Create | Magyar Huszar |
| 38:58 | Create | Villager (Male) |
| 38:59 | Create | Villager (Male) |
| 38:59 | Create | Villager (Male) |
| 39:49 | Create | Villager (Male) |
Build order — Patuu
First 150 of 277 actions detected
| 0:09 | Build | Town Center |
| 2:08 | Build | House |
| 2:10 | Build | House |
| 2:26 | Create | Villager (Male) |
| 2:26 | Create | Villager (Male) |
| 2:45 | Create | Villager (Male) |
| 3:33 | Build | House |
| 3:34 | Build | House |
| 4:03 | Build | Mill |
| 4:10 | Create | Villager (Male) |
| 4:11 | Create | Villager (Male) |
| 4:28 | Create | Villager (Male) |
| 5:22 | Create | Villager (Male) |
| 6:10 | Create | Villager (Male) |
| 6:45 | Create | Villager (Male) |
| 7:18 | Create | Villager (Male) |
| 7:34 | Create | Villager (Male) |
| 8:18 | Build | Dock |
| 8:26 | Create | Villager (Male) |
| 8:27 | Create | Villager (Male) |
| 8:50 | Build | Lumber Camp |
| 9:00 | Create | Fishing Ship |
| 9:16 | Create | Villager (Male) |
| 9:24 | Build | House |
| 9:25 | Build | House |
| 10:10 | Create | Villager (Male) |
| 10:10 | Create | Villager (Male) |
| 10:11 | Create | Fishing Ship |
| 10:27 | Build | Farm |
| 10:34 | Build | Farm |
| 10:58 | Create | Villager (Male) |
| 11:01 | Create | Fishing Ship |
| 11:20 | Create | Villager (Male) |
| 11:26 | Build | Mining Camp |
| 11:32 | Create | Villager (Male) |
| 11:43 | Create | Fishing Ship |
| 11:58 | Create | Villager (Male) |
| 12:10 | Build | Farm |
| 12:13 | Build | Farm |
| 12:17 | Build | Farm |
| 12:24 | Research | Loom |
| 12:43 | Research | Feudal Age |
| 13:02 | Create | Villager (Male) |
| 13:10 | Build | Farm |
| 13:11 | Build | Farm |
| 13:20 | Create | Fishing Ship |
| 13:38 | Create | Villager (Male) |
| 13:51 | Build | Barracks |
| 13:58 | Build | Palisade Wall |
| 14:13 | Build | Farm |
| 14:14 | Build | Farm |
| 14:20 | Build | Farm |
| 14:53 | Create | Fishing Ship |
| 15:16 | Research | Double-Bit Axe |
| 15:54 | Build | Palisade Gate |
| 15:58 | Create | Villager (Male) |
| 16:01 | Create | Fishing Ship |
| 16:15 | Build | Market |
| 16:56 | Build | Blacksmith |
| 17:15 | Create | Villager (Male) |
| 17:22 | Build | House |
| 17:24 | Build | House |
| 17:25 | Build | House |
| 17:41 | Research | Castle Age |
| 17:50 | Build | Mining Camp |
| 18:03 | Research | Stone Mining |
| 18:47 | Create | Villager (Male) |
| 19:43 | Create | Spearman |
| 19:43 | Create | Spearman |
| 20:00 | Create | Villager (Male) |
| 20:25 | Build | Town Center |
| 20:28 | Create | Villager (Male) |
| 21:41 | Build | Stable |
| 21:45 | Create | Villager (Male) |
| 21:51 | Research | Bow Saw |
| 22:22 | Create | Villager (Male) |
| 22:23 | Create | Villager (Male) |
| 22:23 | Create | Villager (Male) |
| 22:24 | Create | Villager (Male) |
| 22:28 | Create | Knight |
| 22:28 | Create | Knight |
| 22:37 | Build | Farm |
| 22:39 | Build | Farm |
| 23:23 | Create | Villager (Male) |
| 23:24 | Create | Villager (Male) |
| 23:24 | Create | Villager (Male) |
| 23:25 | Create | Villager (Male) |
| 23:29 | Create | Knight |
| 24:03 | Build | Castle |
| 25:57 | Create | Villager (Male) |
| 25:57 | Create | Villager (Male) |
| 25:57 | Create | Villager (Male) |
| 25:58 | Create | Villager (Male) |
| 26:28 | Create | Villager (Male) |
| 26:29 | Create | Villager (Male) |
| 26:43 | Create | Teutonic Knight |
| 26:43 | Create | Teutonic Knight |
| 26:43 | Create | Teutonic Knight |
| 26:44 | Create | Teutonic Knight |
| 26:47 | Create | Villager (Male) |
| 26:48 | Create | Villager (Male) |
| 26:58 | Build | Town Center |
| 27:00 | Create | Villager (Male) |
| 27:01 | Create | Villager (Male) |
| 27:01 | Create | Villager (Male) |
| 27:05 | Create | Teutonic Knight |
| 28:16 | Research | Forging |
| 28:25 | Create | Villager (Male) |
| 28:25 | Create | Villager (Male) |
| 28:28 | Build | Farm |
| 28:28 | Build | Farm |
| 28:28 | Build | Farm |
| 28:32 | Build | Farm |
| 28:32 | Build | Farm |
| 28:32 | Build | Farm |
| 28:33 | Build | Farm |
| 28:33 | Build | Farm |
| 28:33 | Build | Farm |
| 28:39 | Build | Farm |
| 28:39 | Build | Farm |
| 28:39 | Build | Farm |
| 28:40 | Build | Farm |
| 28:40 | Build | Farm |
| 28:40 | Build | Farm |
| 28:40 | Build | Farm |
| 28:41 | Build | Farm |
| 28:41 | Build | Farm |
| 28:41 | Build | Farm |
| 28:42 | Build | Farm |
| 28:45 | Build | Monastery |
| 28:48 | Create | Villager (Male) |
| 29:09 | Create | Fishing Ship |
| 29:09 | Create | Fishing Ship |
| 29:15 | Create | Teutonic Knight |
| 29:28 | Create | Villager (Male) |
| 29:42 | Create | Villager (Male) |
| 29:47 | Create | Villager (Male) |
| 30:12 | Build | Stone Wall |
| 30:31 | Build | Stone Wall |
| 30:40 | Build | Dock |
| 30:54 | Create | Villager (Male) |
| 30:55 | Create | Villager (Male) |
| 30:55 | Create | Villager (Male) |
| 30:57 | Create | Teutonic Knight |
| 30:57 | Create | Teutonic Knight |
| 30:57 | Create | Teutonic Knight |
| 31:06 | Research | Scale Mail Armor |
| 31:39 | Create | Villager (Male) |
| 31:49 | Build | Monastery |
| 31:50 | Create | Villager (Male) |
Build order — Rodro JETS
First 150 of 451 actions detected
| 0:05 | Build | Town Center |
| 0:25 | Build | House |
| 1:41 | Build | Dock |
| 2:30 | Create | Villager (Male) |
| 2:30 | Create | Villager (Male) |
| 2:30 | Create | Villager (Male) |
| 2:30 | Create | Villager (Male) |
| 2:31 | Create | Villager (Male) |
| 2:31 | Create | Villager (Male) |
| 3:40 | Create | Fishing Ship |
| 3:52 | Build | House |
| 4:06 | Research | Loom |
| 4:16 | Create | Villager (Male) |
| 4:16 | Create | Villager (Male) |
| 4:44 | Create | Villager (Male) |
| 4:44 | Create | Villager (Male) |
| 5:12 | Create | Villager (Male) |
| 5:12 | Create | Villager (Male) |
| 5:29 | Build | House |
| 5:36 | Create | Villager (Male) |
| 5:36 | Create | Villager (Male) |
| 5:53 | Create | Villager (Male) |
| 5:53 | Create | Villager (Male) |
| 6:10 | Create | Villager (Male) |
| 6:10 | Create | Villager (Male) |
| 6:35 | Create | Fishing Ship |
| 6:36 | Create | Fishing Ship |
| 6:49 | Create | Villager (Male) |
| 6:49 | Create | Villager (Male) |
| 6:50 | Create | Villager (Male) |
| 6:53 | Create | Villager (Male) |
| 6:53 | Create | Villager (Male) |
| 6:54 | Create | Villager (Male) |
| 7:26 | Create | Villager (Male) |
| 7:26 | Create | Villager (Male) |
| 7:26 | Create | Villager (Male) |
| 7:29 | Create | Fishing Ship |
| 7:39 | Build | House |
| 8:23 | Build | Lumber Camp |
| 8:27 | Build | House |
| 8:35 | Create | Villager (Male) |
| 8:50 | Create | Fishing Ship |
| 8:59 | Create | Villager (Male) |
| 9:04 | Build | House |
| 9:22 | Create | Fishing Ship |
| 9:23 | Create | Villager (Male) |
| 9:46 | Create | Fishing Ship |
| 10:30 | Create | Villager (Male) |
| 10:46 | Build | Mill |
| 10:59 | Create | Villager (Male) |
| 11:21 | Create | Villager (Male) |
| 11:46 | Create | Villager (Male) |
| 11:52 | Build | Mining Camp |
| 11:56 | Create | Villager (Male) |
| 11:59 | Create | Fishing Ship |
| 12:29 | Research | Feudal Age |
| 14:30 | Create | Villager (Male) |
| 14:31 | Create | Villager (Male) |
| 14:53 | Build | Market |
| 14:56 | Build | Blacksmith |
| 15:08 | Research | Double-Bit Axe |
| 15:43 | Research | Castle Age |
| 15:54 | Create | Fire Galley |
| 15:57 | Build | House |
| 15:59 | Build | House |
| 16:00 | Build | House |
| 16:33 | Build | Lumber Camp |
| 16:57 | Build | Barracks |
| 16:59 | Research | Scale Mail Armor |
| 17:02 | Research | Wheelbarrow |
| 17:03 | Research | Town Watch |
| 17:10 | Build | House |
| 17:10 | Build | House |
| 17:51 | Build | Farm |
| 17:53 | Build | Farm |
| 17:54 | Build | Farm |
| 17:56 | Build | Farm |
| 18:01 | Research | Horse Collar |
| 18:01 | Research | Horse Collar |
| 18:36 | Build | Castle |
| 18:42 | Build | Farm |
| 18:49 | Research | Bow Saw |
| 19:35 | Research | Gold Mining |
| 19:41 | Build | Town Center |
| 20:06 | Create | Villager (Male) |
| 20:06 | Create | Villager (Male) |
| 20:32 | Build | Farm |
| 20:33 | Build | Farm |
| 20:35 | Build | Farm |
| 20:38 | Build | Farm |
| 20:43 | Create | Huskarl |
| 20:43 | Create | Huskarl |
| 20:43 | Create | Huskarl |
| 21:14 | Create | Villager (Male) |
| 21:14 | Create | Villager (Male) |
| 21:25 | Create | Huskarl |
| 21:25 | Create | Huskarl |
| 21:27 | Create | Villager (Male) |
| 21:27 | Create | Villager (Male) |
| 21:38 | Build | Farm |
| 21:39 | Build | Farm |
| 21:47 | Build | Farm |
| 21:48 | Build | Farm |
| 21:49 | Build | Farm |
| 21:50 | Build | Farm |
| 21:51 | Build | Farm |
| 21:53 | Create | Villager (Male) |
| 21:53 | Create | Villager (Male) |
| 21:59 | Create | Huskarl |
| 21:59 | Create | Huskarl |
| 22:28 | Build | Dock |
| 22:38 | Create | Villager (Male) |
| 22:39 | Create | Villager (Male) |
| 22:51 | Build | Farm |
| 22:53 | Build | Farm |
| 23:13 | Build | Siege Workshop |
| 23:24 | Create | Villager (Male) |
| 23:25 | Create | Villager (Male) |
| 23:25 | Create | Villager (Male) |
| 23:25 | Create | Villager (Male) |
| 23:35 | Create | Villager (Male) |
| 23:35 | Create | Villager (Male) |
| 23:47 | Create | Battering Ram |
| 23:47 | Create | Battering Ram |
| 24:13 | Build | Town Center |
| 24:19 | Create | Villager (Male) |
| 24:20 | Create | Villager (Male) |
| 24:20 | Create | Villager (Male) |
| 24:20 | Create | Villager (Male) |
| 24:21 | Create | Villager (Male) |
| 24:25 | Build | Farm |
| 24:26 | Build | Farm |
| 24:27 | Create | Huskarl |
| 24:27 | Create | Huskarl |
| 24:27 | Create | Huskarl |
| 24:55 | Create | Villager (Male) |
| 24:55 | Create | Villager (Male) |
| 24:55 | Create | Villager (Male) |
| 24:55 | Create | Villager (Male) |
| 24:56 | Create | Villager (Male) |
| 24:56 | Create | Villager (Male) |
| 24:56 | Create | Villager (Male) |
| 25:03 | Create | Villager (Male) |
| 25:03 | Create | Villager (Male) |
| 25:15 | Create | Villager (Male) |
| 25:15 | Create | Villager (Male) |
| 25:20 | Create | Villager (Male) |
| 25:21 | Create | Villager (Male) |
| 25:25 | Create | Villager (Male) |
| 25:25 | Create | Villager (Male) |
Build order — Bamboozled Kiwi
First 150 of 301 actions detected
| 0:16 | Build | Town Center |
| 1:17 | Build | Dock |
| 1:24 | Build | House |
| 2:58 | Create | Villager (Male) |
| 2:59 | Create | Villager (Male) |
| 2:59 | Create | Villager (Male) |
| 2:59 | Create | Villager (Male) |
| 3:12 | Build | Dock |
| 3:30 | Create | Villager (Male) |
| 3:30 | Create | Villager (Male) |
| 3:47 | Build | House |
| 4:29 | Build | House |
| 4:57 | Create | Fishing Ship |
| 4:57 | Create | Fishing Ship |
| 5:21 | Research | Loom |
| 5:32 | Create | Fishing Ship |
| 5:32 | Create | Fishing Ship |
| 5:56 | Create | Fishing Ship |
| 5:57 | Create | Fishing Ship |
| 6:31 | Create | Fishing Ship |
| 6:51 | Create | Villager (Male) |
| 6:58 | Create | Villager (Male) |
| 7:28 | Create | Fishing Ship |
| 7:42 | Create | Villager (Male) |
| 7:49 | Build | House |
| 8:03 | Create | Villager (Male) |
| 8:15 | Create | Fishing Ship |
| 8:53 | Create | Fishing Ship |
| 9:11 | Create | Villager (Male) |
| 9:16 | Build | House |
| 9:39 | Create | Villager (Male) |
| 9:43 | Create | Fishing Ship |
| 10:18 | Create | Fishing Ship |
| 10:20 | Create | Villager (Male) |
| 10:33 | Build | Mill |
| 10:50 | Create | Villager (Male) |
| 11:04 | Build | Lumber Camp |
| 11:21 | Create | Fishing Ship |
| 11:23 | Create | Villager (Male) |
| 11:30 | Build | House |
| 11:47 | Build | House |
| 12:00 | Create | Fishing Ship |
| 12:03 | Create | Villager (Male) |
| 12:43 | Create | Villager (Male) |
| 12:44 | Create | Fishing Ship |
| 13:12 | Research | Feudal Age |
| 13:53 | Build | Barracks |
| 14:06 | Build | Mining Camp |
| 14:18 | Build | Lumber Camp |
| 14:42 | Create | Villager (Male) |
| 14:56 | Build | Mining Camp |
| 15:01 | Build | Lumber Camp |
| 15:12 | Create | Villager (Male) |
| 15:14 | Create | Fishing Ship |
| 15:32 | Build | Dock |
| 15:53 | Research | Double-Bit Axe |
| 15:54 | Research | Horse Collar |
| 16:08 | Create | Fire Galley |
| 16:24 | Create | Villager (Male) |
| 16:37 | Build | House |
| 16:41 | Create | Villager (Male) |
| 16:46 | Build | Farm |
| 16:54 | Create | Villager (Male) |
| 17:04 | Build | House |
| 17:19 | Create | Fire Galley |
| 17:24 | Research | Tech 906 |
| 17:26 | Create | Fire Galley |
| 17:29 | Create | Villager (Male) |
| 17:39 | Create | Villager (Male) |
| 17:50 | Build | Farm |
| 17:52 | Build | Farm |
| 18:19 | Create | Villager (Male) |
| 18:30 | Create | Villager (Male) |
| 18:45 | Build | Blacksmith |
| 18:53 | Build | Market |
| 18:55 | Create | Villager (Male) |
| 19:08 | Create | Fire Galley |
| 19:08 | Create | Fire Galley |
| 19:40 | Create | Fire Galley |
| 19:44 | Create | Villager (Male) |
| 19:52 | Build | House |
| 20:02 | Build | Farm |
| 20:04 | Build | Farm |
| 20:05 | Build | Farm |
| 20:09 | Create | Villager (Male) |
| 20:17 | Build | House |
| 20:18 | Build | House |
| 20:20 | Build | House |
| 21:01 | Create | Villager (Male) |
| 22:00 | Create | Villager (Male) |
| 22:03 | Research | Castle Age |
| 22:08 | Build | Farm |
| 22:09 | Build | Farm |
| 22:12 | Build | Farm |
| 22:13 | Build | Farm |
| 22:21 | Build | Farm |
| 22:22 | Build | Farm |
| 22:31 | Research | Gold Mining |
| 23:11 | Create | Villager (Male) |
| 23:30 | Build | Dock |
| 23:35 | Create | Villager (Male) |
| 24:14 | Build | Stable |
| 24:19 | Build | Stable |
| 24:32 | Research | Scale Barding Armor |
| 24:33 | Research | Forging |
| 24:35 | Create | Villager (Male) |
| 24:46 | Build | Town Center |
| 25:05 | Create | Villager (Male) |
| 25:36 | Research | Husbandry |
| 25:37 | Create | Knight |
| 25:37 | Create | Knight |
| 25:37 | Create | Knight |
| 25:48 | Research | Gillnets |
| 26:10 | Create | Fishing Ship |
| 26:10 | Create | Fishing Ship |
| 26:11 | Create | Fishing Ship |
| 26:11 | Create | Fishing Ship |
| 26:13 | Create | Villager (Male) |
| 26:13 | Create | Villager (Male) |
| 26:13 | Create | Villager (Male) |
| 26:14 | Create | Villager (Male) |
| 26:26 | Create | Villager (Male) |
| 26:35 | Create | Knight |
| 26:35 | Create | Knight |
| 26:35 | Create | Knight |
| 26:47 | Build | Farm |
| 26:49 | Build | Farm |
| 26:51 | Build | Farm |
| 26:54 | Build | Farm |
| 27:20 | Build | Palisade Gate |
| 27:41 | Research | Bloodlines |
| 27:45 | Create | Villager (Male) |
| 27:45 | Create | Villager (Male) |
| 27:45 | Create | Villager (Male) |
| 27:47 | Create | Villager (Male) |
| 27:47 | Create | Villager (Male) |
| 27:53 | Build | House |
| 27:54 | Build | House |
| 27:55 | Build | House |
| 27:58 | Build | Farm |
| 27:59 | Build | Farm |
| 28:00 | Build | Farm |
| 28:18 | Build | Mining Camp |
| 28:21 | Create | Villager (Male) |
| 28:34 | Create | Knight |
| 28:34 | Create | Knight |
| 28:58 | Create | Villager (Male) |
| 29:23 | Research | Iron Casting |
| 29:24 | Create | Villager (Male) |
| 29:25 | Create | Villager (Male) |
Match timeline
| 0:21 | Osman1453 · first_building Dock |
| 1:16 | mrpropper145 · first_building Dock |
| 1:17 | Bamboozled Kiwi · first_building Dock |
| 1:41 | Rodro JETS · first_building Dock |
| 3:39 | Irianas · first_building Dock |
| 4:49 | jhon29 · first_building Dock |
| 8:09 | Toxic · wall_segment Palisade Wall x1 |
| 8:10 | Toxic · wall_segment Palisade Wall x1 |
| 8:10 | Toxic · wall_segment Palisade Wall x1 |
| 8:11 | Toxic · wall_segment Palisade Wall x1 |
| 8:12 | Toxic · wall_segment Palisade Wall x1 |
| 8:18 | Patuu · first_building Dock |
| 8:23 | mrpropper145 · wall_segment Palisade Wall x5 |
| 8:46 | Toxic · first_building Dock |
| 10:03 | Toxic · wall_segment Palisade Wall x10 |
| 13:51 | Patuu · first_building Barracks |
| 13:53 | Bamboozled Kiwi · first_building Barracks |
| 13:58 | Patuu · wall_segment Palisade Wall x3 |
| 14:26 | Osman1453 · first_building Barracks |
| 15:39 | Rodro JETS · first_market_sell 100 wood |
| 15:42 | Osman1453 · first_building Stable |
| 15:43 | jhon29 · first_building Barracks |
| 15:47 | Irianas · first_building Barracks |
| 16:03 | Toxic · wall_segment Palisade Wall x1 |
| 16:26 | Irianas · wall_segment Stone Wall x11 |
| 16:57 | Rodro JETS · first_building Barracks |
| 16:59 | mrpropper145 · first_building Barracks |
| 17:24 | jhon29 · first_building Archery Range |
| 18:30 | Toxic · first_building Barracks |
| 18:36 | Rodro JETS · first_building Castle |
| 20:26 | mrpropper145 · first_building Archery Range |
| 20:40 | jhon29 · wall_segment Palisade Wall x8 |
| 20:43 | jhon29 · wall_segment Palisade Wall x4 |
| 21:35 | Patuu · first_market_buy 100 wood |
| 21:40 | Toxic · wall_segment Palisade Wall x1 |
| 21:41 | Patuu · first_building Stable |
| 21:49 | Patuu · first_market_sell 100 food |
| 22:05 | Osman1453 · wall_segment Stone Wall x3 |
| 22:26 | Osman1453 · wall_segment Stone Wall x5 |
| 22:38 | jhon29 · first_market_buy 100 wood |
| 22:53 | Toxic · first_market_sell 100 wood |
| 22:56 | jhon29 · first_market_sell 100 food |
| 22:57 | Toxic · first_market_buy 100 stone |
| 23:13 | Rodro JETS · first_building Siege Workshop |
| 23:18 | Osman1453 · first_market_sell 100 stone |
| 24:03 | Patuu · first_building Castle |
| 24:14 | Bamboozled Kiwi · first_building Stable |
| 24:17 | Osman1453 · wall_segment Stone Wall x1 |
| 24:24 | Osman1453 · wall_segment Stone Wall x1 |
| 24:24 | Osman1453 · wall_segment Stone Wall x1 |
| 24:32 | mrpropper145 · first_building Castle |
| 24:33 | Osman1453 · wall_segment Stone Wall x1 |
| 24:34 | Osman1453 · wall_segment Stone Wall x1 |
| 24:47 | Toxic · first_building Castle |
| 24:54 | jhon29 · first_building Castle |
| 26:00 | Osman1453 · first_market_buy 100 stone |
| 26:05 | Osman1453 · first_building Castle |
| 26:15 | Osman1453 · wall_segment Stone Wall x1 |
| 26:15 | Osman1453 · wall_segment Stone Wall x1 |
| 26:25 | Toxic · first_building Siege Workshop |
| 26:27 | Irianas · wall_segment Stone Wall x12 |
| 26:31 | Osman1453 · first_building Siege Workshop |
| 26:50 | Osman1453 · first_building Monastery |
| 27:05 | Irianas · first_building Castle |
| 28:31 | Osman1453 · wall_segment Stone Wall x6 |
| 28:45 | Patuu · first_building Monastery |
| 29:06 | Toxic · tribute_sent a jugador 1 |
| 29:06 | Toxic · tribute_sent a jugador 2 |
| 29:06 | Toxic · tribute_sent a jugador 3 |
| 29:06 | Toxic · tribute_sent a jugador 4 |
| 29:06 | Toxic · tribute_sent a jugador 6 |
| 29:06 | Toxic · tribute_sent a jugador 7 |
| 29:06 | Toxic · tribute_sent a jugador 8 |
| 29:42 | Osman1453 · wall_segment Stone Wall x11 |
| 30:12 | Patuu · wall_segment Stone Wall x15 |
| 30:22 | Bamboozled Kiwi · first_market_sell 100 food |
| 30:31 | Patuu · wall_segment Stone Wall x14 |
| 30:59 | Osman1453 · wall_segment Stone Wall x7 |
| 31:32 | Irianas · first_market_buy 100 stone |
| 32:02 | Osman1453 · wall_segment Stone Wall x1 |
| 32:03 | Osman1453 · wall_segment Stone Wall x1 |
| 32:22 | Osman1453 · wall_segment Stone Wall x5 |
| 33:03 | Osman1453 · wall_segment Stone Wall x4 |
| 33:29 | Osman1453 · wall_segment Stone Wall x1 |
| 35:17 | Bamboozled Kiwi · first_building Castle |
| 36:13 | mrpropper145 · first_market_buy 100 food |
| 36:39 | Osman1453 · wall_segment Stone Wall x1 |
| 37:10 | Osman1453 · wall_segment Stone Wall x1 |
| 37:20 | Bamboozled Kiwi · first_building Siege Workshop |
| 37:41 | Osman1453 · wall_segment Stone Wall x1 |
| 37:54 | Bamboozled Kiwi · first_building Archery Range |
| 38:13 | Osman1453 · wall_segment Stone Wall x6 |
| 38:53 | Osman1453 · wall_segment Stone Wall x1 |
| 40:39 | Bamboozled Kiwi · first_market_buy 100 food |
| 41:50 | Irianas · wall_segment Stone Wall x17 |
| 41:57 | jhon29 · wall_segment Stone Wall x2 |
| 43:46 | Rodro JETS · resign |
[ AI ANALYSIS · 1 CREDIT ]
What really happened in this match?
Wolo.gg analyzes every decision: build order, eco, micro, common mistakes by bracket. Personalized analysis on WhatsApp or Discord in 30 seconds.
Civ guide
Chinese
Map guide
Nomad
Perfil
Jugador #15327263